| TOP OF THE 1ST |
|
Billings Mustangs batting - Pitching for Grand Junction Rockies : LHP Omar Samario
|
|
Pitching: LHP Omar Samario
|
|
|
Batting: LHB Clint Hanninen
|
0-0: Ball 1-0: Ground out U3 (Groundball, 13, EV 85.0 MPH)
|
|
Batting: SHB Gustavo Froio
|
0-0: SINGLE (Groundball, 4M, EV 102.5 MPH) (infield hit)
|
|
Batting: RHB Will Trudeau
|
0-0: DOUBLE (Groundball, 5L, EV 105.0 MPH) Gustavo Froio to third Runner from 3rd tries for Home, SAFE, throw by LF to home
|
|
Batting: RHB Emanuel Estrada
|
0-0: Ball Will Trudeau steals 3rd base 1-0: Ball 2-0: Ball 3-0: Base on Balls
|
|
Batting: LHB Jose Cruz
|
0-0: Ball 1-0: Ball Emanuel Estrada steals 2nd, throwing error, E2 Will Trudeau scores Emanuel Estrada to third 2-0: 2-RUN HOME RUN (Flyball, 9LD, EV 94.4 MPH), Distance : 363 ft
|
|
Batting: SHB Sal Esparza
|
0-0: Called Strike 0-1: Foul Ball, location: 2F 0-2: Ball 1-2: Ball 2-2: Strikes out swinging
|
|
Batting: RHB Wayne Watson
|
0-0: Ball 1-0: Ball 2-0: SOLO HOME RUN (Line Drive, 7D, EV 106.2 MPH), Distance : 397 ft
|
|
Batting: RHB Ruben Cantu
|
0-0: Called Strike 0-1: DOUBLE (Flyball, 8RXD, EV 108.8 MPH)
|
|
Batting: RHB Jimmy Geddes
|
0-0: Called Strike 0-1: Ball 1-1: Ground out U3 (Groundball, 3, EV 83.1 MPH)
|
| Top of the 1st over - 5 runs, 5 hits, 1 error, 1 left on base; Billings 5 - Grand Junction 0 |
| BOTTOM OF THE 1ST |
|
Grand Junction Rockies batting - Pitching for Billings Mustangs : RHP Bayani Blanco
|
|
Pitching: RHP Bayani Blanco
|
|
|
Batting: RHB Gashie Chimsima
|
0-0: Foul Ball, location: 2F 0-1: Called Strike 0-2: Ball 1-2: Strikes out swinging
|
|
Batting: SHB Justin Jackson
|
0-0: Called Strike 0-1: Foul Ball, location: 2F 0-2: Foul Ball, location: 2F 0-2: Ball 1-2: Foul Ball, location: 2F 1-2: Foul Ball, location: 2F 1-2: Ball 2-2: Ball 3-2: Fly out, F8 (Flyball, 8LD, EV 93.8 MPH)
|
|
Batting: RHB Dan Hoffman
|
0-0: Fly out, F7 (Line Drive, 7S, EV 95.0 MPH)
|
| Bottom of the 1st over - 0 runs, 0 hits, 0 errors, 0 left on base; Billings 5 - Grand Junction 0 |
| TOP OF THE 2ND |
|
Billings Mustangs batting - Pitching for Grand Junction Rockies : LHP Omar Samario
|
|
Batting: LHB Clint Hanninen
|
0-0: Ball 1-0: Called Strike 1-1: Ball 2-1: Ground out 6-3 (Groundball, 6, EV 83.8 MPH)
|
|
Batting: SHB Gustavo Froio
|
0-0: Called Strike 0-1: Ball 1-1: Ball 2-1: Foul Ball, location: 2F 2-2: Ball 3-2: Fly out, F8 (Flyball, 89D, EV 106.2 MPH)
|
|
Batting: RHB Will Trudeau
|
0-0: Called Strike 0-1: Ball 1-1: DOUBLE (Groundball, 5L, EV 106.2 MPH)
|
|
Batting: RHB Emanuel Estrada
|
0-0: Called Strike 0-1: Foul Ball, location: 2F 0-2: Foul Ball, location: 2F 0-2: Foul Ball, location: 2F 0-2: Strikes out swinging
|
| Top of the 2nd over - 0 runs, 1 hit, 0 errors, 1 left on base; Billings 5 - Grand Junction 0 |
| BOTTOM OF THE 2ND |
|
Grand Junction Rockies batting - Pitching for Billings Mustangs : RHP Bayani Blanco
|
|
Batting: LHB Georges Lambert
|
0-0: Ball 1-0: Ground out 1-3 (Groundball, 25, EV 71.9 MPH)
|
|
Batting: RHB Edwin Bejarano
|
0-0: Called Strike 0-1: DOUBLE (Line Drive, 89D, EV 105.6 MPH)
|
|
Batting: SHB Oscar Barahona
|
0-0: Ball 1-0: Ball 2-0: Ground out U3 (Groundball, 3, EV 85.6 MPH) Edwin Bejarano to third
|
|
Batting: RHB Wei-fang Ping
|
0-0: Ball 1-0: Called Strike 1-1: Called Strike 1-2: Strikes out swinging
|
| Bottom of the 2nd over - 0 runs, 1 hit, 0 errors, 1 left on base; Billings 5 - Grand Junction 0 |
| TOP OF THE 3RD |
|
Billings Mustangs batting - Pitching for Grand Junction Rockies : LHP Omar Samario
|
|
Batting: LHB Jose Cruz
|
0-0: Called Strike 0-1: Ball 1-1: Ball 2-1: Ball 3-1: Base on Balls
|
|
Batting: SHB Sal Esparza
|
0-0: Ball 1-0: Ball Jose Cruz steals 2nd, throwing error, E2 Jose Cruz to third 2-0: Ball 3-0: Called Strike 3-1: Base on Balls
|
|
Batting: RHB Wayne Watson
|
0-0: Foul Ball, location: 2F 0-1: Ball Balk! Jose Cruz scores Sal Esparza to second 1-1: 2-RUN HOME RUN (Flyball, 7LD, EV 90.0 MPH), Distance : 343 ft
|
|
Pitching: RHP Jim Crooks
|
|
|
Batting: RHB Ruben Cantu
|
0-0: Foul Ball, location: 2F 0-1: SINGLE (Line Drive, 8RS, EV 91.2 MPH)
|
|
Batting: RHB Jimmy Geddes
|
0-0: Ball 1-0: Grounds into double play, 6-4-3 (Groundball, 56, EV 106.9 MPH)
|
|
Batting: LHB Clint Hanninen
|
0-0: Called Strike 0-1: Called Strike 0-2: Foul Ball, location: 2F 0-2: Ball 1-2: Ball 2-2: Foul Ball, location: 2F 2-2: Foul Ball, location: 2F 2-2: Strikes out swinging
|
| Top of the 3rd over - 3 runs, 2 hits, 1 error, 0 left on base; Billings 8 - Grand Junction 0 |
| BOTTOM OF THE 3RD |
|
Grand Junction Rockies batting - Pitching for Billings Mustangs : RHP Bayani Blanco
|
|
Batting: RHB Xavier Williams
|
0-0: Foul Ball, location: 2F 0-1: Ball 1-1: Called Strike 1-2: Ball 2-2: Ball 3-2: Base on Balls
|
|
Batting: RHB Tom Gentry
|
0-0: Called Strike 0-1: Ball 1-1: Foul Ball, location: 2F 1-2: Strikes out swinging
|
|
Batting: RHB Gashie Chimsima
|
0-0: Ball 1-0: Fielders Choice at 2nd, 6-4 (Groundball, 6, EV 81.2 MPH)
|
|
Batting: SHB Justin Jackson
|
0-0: Ball 1-0: Called Strike 1-1: Ball 2-1: Called Strike 2-2: Ball 3-2: Base on Balls Gashie Chimsima to second
|
|
Batting: RHB Dan Hoffman
|
0-0: Ball 1-0: Ball 2-0: Foul Ball, location: 2F 2-1: Foul Ball, location: 2F 2-2: Strikes out looking
|
| Bottom of the 3rd over - 0 runs, 0 hits, 0 errors, 2 left on base; Billings 8 - Grand Junction 0 |
| TOP OF THE 4TH |
|
Billings Mustangs batting - Pitching for Grand Junction Rockies : RHP Jim Crooks
|
|
Batting: SHB Gustavo Froio
|
0-0: Ball 1-0: Ball 2-0: Ball 3-0: Base on Balls
|
|
Batting: RHB Will Trudeau
|
0-0: Ball 1-0: Called Strike 1-1: Swinging Strike 1-2: Strikes out swinging
|
|
Batting: RHB Emanuel Estrada
|
0-0: Called Strike 0-1: Swinging Strike 0-2: Ball 1-2: Ball 2-2: Ball 3-2: Strikes out swinging
|
|
Batting: LHB Jose Cruz
|
0-0: Called Strike 0-1: Called Strike 0-2: Foul Ball, location: 2F 0-2: Foul Ball, location: 2F 0-2: Ball 1-2: Foul Ball, location: 2F 1-2: Foul Ball, location: 2F 1-2: Ball 2-2: Foul Ball, location: 2F 2-2: Ball 3-2: DOUBLE (Line Drive, 9LS, EV 108.8 MPH) Gustavo Froio to third Gustavo Froio scores
|
|
Batting: SHB Sal Esparza
|
0-0: Ball 1-0: SINGLE (Groundball, 6MD, EV 105.6 MPH) Jose Cruz to third Runner from 3rd tries for Home, SAFE, throw by CF to home Sal Esparza to second
|
|
Batting: RHB Wayne Watson
|
0-0: Ground out 3-1 (Groundball, 34, EV 93.8 MPH)
|
| Top of the 4th over - 2 runs, 2 hits, 0 errors, 1 left on base; Billings 10 - Grand Junction 0 |
| BOTTOM OF THE 4TH |
|
Grand Junction Rockies batting - Pitching for Billings Mustangs : RHP Bayani Blanco
|
|
Batting: LHB Georges Lambert
|
0-0: Called Strike 0-1: Foul Ball, location: 2F 0-2: Strikes out swinging
|
|
Batting: RHB Edwin Bejarano
|
0-0: Ball 1-0: Ground out 6-3 (Groundball, 56, EV 106.2 MPH)
|
|
Batting: SHB Oscar Barahona
|
0-0: Fly out, F7 (Flyball, 7S, EV 94.4 MPH)
|
| Bottom of the 4th over - 0 runs, 0 hits, 0 errors, 0 left on base; Billings 10 - Grand Junction 0 |
| TOP OF THE 5TH |
|
Billings Mustangs batting - Pitching for Grand Junction Rockies : RHP Jim Crooks
|
|
Batting: RHB Ruben Cantu
|
0-0: DOUBLE (Groundball, 5L, EV 108.1 MPH)
|
|
Batting: RHB Jimmy Geddes
|
0-0: Called Strike 0-1: Swinging Strike 0-2: Ball 1-2: Foul Ball, location: 2F 1-2: Strikes out swinging
|
|
Batting: LHB Clint Hanninen
|
0-0: Ball 1-0: Called Strike 1-1: Foul Ball, location: 2F 1-2: Fly out, F7 (Flyball, 7, EV 82.5 MPH)
|
|
Pitching: RHP Aaron O'Brien
|
|
|
Batting: SHB Gustavo Froio
|
0-0: Foul Ball, location: 2F 0-1: Called Strike 0-2: Ball 1-2: Foul Ball, location: 2F 1-2: Ball Wild Pitch! Ruben Cantu to third 2-2: Ball 3-2: Foul Ball, location: 2F 3-2: Fly out, F8 (Flyball, 8LXD, EV 100.6 MPH)
|
| Top of the 5th over - 0 runs, 1 hit, 0 errors, 1 left on base; Billings 10 - Grand Junction 0 |
| BOTTOM OF THE 5TH |
|
Grand Junction Rockies batting - Pitching for Billings Mustangs : RHP Bayani Blanco
|
|
Batting: RHB Wei-fang Ping
|
0-0: Ball 1-0: Called Strike 1-1: Ball 2-1: Ground out 4-3 (Groundball, 4, EV 103.8 MPH)
|
|
Batting: RHB Xavier Williams
|
0-0: Called Strike 0-1: SINGLE (Groundball, 4D, EV 101.9 MPH)
|
|
Pitching: RHP Tahir Montazeri
|
|
|
Batting: RHB Tom Gentry
|
0-0: Ball 1-0: Ball Wild Pitch! Xavier Williams to second 2-0: Ball 3-0: Called Strike 3-1: Foul Ball, location: 2F 3-2: Ground out 6-3 (Groundball, 6M, EV 100.6 MPH) Xavier Williams to third
|
|
Batting: RHB Gashie Chimsima
|
0-0: Ball 1-0: Ball 2-0: Ball 3-0: Base on Balls
|
|
Batting: SHB Justin Jackson
|
0-0: Called Strike Gashie Chimsima is caught stealing 2nd base 2-6
|
| Bottom of the 5th over - 0 runs, 1 hit, 0 errors, 1 left on base; Billings 10 - Grand Junction 0 |
| TOP OF THE 6TH |
|
Billings Mustangs batting - Pitching for Grand Junction Rockies : RHP Aaron O'Brien
|
|
Batting: RHB Will Trudeau
|
0-0: Fly out, F8 (Flyball, 8LD, EV 98.1 MPH)
|
|
Batting: RHB Emanuel Estrada
|
0-0: Foul Ball, location: 2F 0-1: Ball 1-1: Ball 2-1: Ground out 4-3 (Groundball, 4M, EV 103.8 MPH)
|
|
Batting: LHB Jose Cruz
|
0-0: Ball 1-0: Ball 2-0: Foul Ball, location: 2F 2-1: Foul Ball, location: 2F 2-2: Foul Ball, location: 2F 2-2: Ground out U3 (Groundball, 34, EV 103.8 MPH)
|
| Top of the 6th over - 0 runs, 0 hits, 0 errors, 0 left on base; Billings 10 - Grand Junction 0 |
| BOTTOM OF THE 6TH |
|
Grand Junction Rockies batting - Pitching for Billings Mustangs : RHP Tahir Montazeri
|
|
Batting: SHB Justin Jackson
|
0-0: Foul Ball, location: 2F 0-1: Foul Ball, location: 2F 0-2: Ball 1-2: Foul Ball, location: 2F 1-2: SINGLE (Flyball, 78S, EV 89.4 MPH)
|
|
Batting: RHB Dan Hoffman
|
0-0: Called Strike 0-1: Fielders Choice at 2nd, 6-4 (Groundball, 6, EV 89.4 MPH)
|
|
Pitching: LHP Alec Valencia
|
|
|
Batting: LHB Georges Lambert
|
0-0: Called Strike 0-1: Ball 1-1: Ball 2-1: Ball 3-1: Ground out 5-3 (Groundball, 56, EV 80.6 MPH) Dan Hoffman to second
|
|
Batting: RHB Edwin Bejarano
|
0-0: Swinging Strike 0-1: Swinging Strike 0-2: Ball 1-2: Strikes out swinging
|
| Bottom of the 6th over - 0 runs, 1 hit, 0 errors, 1 left on base; Billings 10 - Grand Junction 0 |
| TOP OF THE 7TH |
|
Billings Mustangs batting - Pitching for Grand Junction Rockies : RHP Aaron O'Brien
|
|
Pitching: RHP Alex Covarrubias
|
|
|
Batting: SHB Sal Esparza
|
0-0: Ball 1-0: DOUBLE (Groundball, 5L, EV 103.8 MPH)
|
|
Batting: RHB Wayne Watson
|
0-0: Called Strike 0-1: Ball 1-1: Foul Ball, location: 2F 1-2: SINGLE (Groundball, 6MD, EV 105.0 MPH) Sal Esparza to third
|
|
Pinch Hitting: RHB Teddy Bonaddio
|
0-0: Ball Passed Ball! Sal Esparza scores Wayne Watson to second 1-0: Ball 2-0: Called Strike 2-1: Foul Ball, location: 2F 2-2: Ground out U3 (Groundball, 34S, EV 89.4 MPH) Wayne Watson to third
|
|
Batting: RHB Jimmy Geddes
|
0-0: Ball 1-0: Ball 2-0: Ground out 4-3 (Groundball, 4MD, EV 83.1 MPH) Wayne Watson scores
|
|
Batting: LHB Clint Hanninen
|
0-0: Ball 1-0: Fly out, F9 (Flyball, 9, EV 83.8 MPH)
|
| Top of the 7th over - 2 runs, 2 hits, 0 errors, 0 left on base; Billings 12 - Grand Junction 0 |
| BOTTOM OF THE 7TH |
|
Grand Junction Rockies batting - Pitching for Billings Mustangs : LHP Alec Valencia
|
|
Now in LF: Teddy Bonaddio
|
|
|
Batting: SHB Oscar Barahona
|
0-0: Foul Ball, location: 2F 0-1: Swinging Strike 0-2: Ball 1-2: Strikes out looking
|
|
Batting: RHB Wei-fang Ping
|
0-0: Called Strike 0-1: Ground out 5-3 (Groundball, 56S, EV 87.5 MPH)
|
|
Batting: RHB Xavier Williams
|
0-0: Ball 1-0: Ball 2-0: Called Strike 2-1: Ball 3-1: Base on Balls
|
|
Batting: RHB Tom Gentry
|
0-0: Ball 1-0: Swinging Strike 1-1: Foul Ball, location: 2F 1-2: 2-RUN HOME RUN (Flyball, 7LD, EV 95.0 MPH), Distance : 358 ft
|
|
Batting: RHB Gashie Chimsima
|
0-0: Ground out 6-3 (Groundball, 6, EV 91.2 MPH)
|
| Bottom of the 7th over - 2 runs, 1 hit, 0 errors, 0 left on base; Billings 12 - Grand Junction 2 |
| TOP OF THE 8TH |
|
Billings Mustangs batting - Pitching for Grand Junction Rockies : RHP Alex Covarrubias
|
|
Pinch Hitting: RHB Declan Eichele
|
0-0: Called Strike 0-1: Ball 1-1: SINGLE (Groundball, 56D, EV 108.1 MPH)
|
|
Pitching: RHP Ricardo Roman
|
|
|
Batting: RHB Juan Oliveros
|
0-0: DOUBLE (Groundball, 5L, EV 106.2 MPH) Declan Eichele to third
|
|
Batting: RHB Emanuel Estrada
|
0-0: Ball 1-0: Foul Ball, location: 2F 1-1: Called Strike 1-2: Ball 2-2: Foul Ball, location: 2F 2-2: Strikes out swinging
|
|
Pinch Hitting: LHB Rodrigo Samano
|
0-0: Called Strike 0-1: Ball 1-1: Ground out 4-3 (Groundball, 4, EV 101.2 MPH) Declan Eichele scores Juan Oliveros to third
|
|
Batting: SHB Sal Esparza
|
0-0: Ball 1-0: Ball 2-0: Foul Ball, location: 2F 2-1: Called Strike 2-2: Ball 3-2: Fly out, F7 (Flyball, 7LS, EV 98.1 MPH)
|
| Top of the 8th over - 1 run, 2 hits, 0 errors, 1 left on base; Billings 13 - Grand Junction 2 |
| BOTTOM OF THE 8TH |
|
Grand Junction Rockies batting - Pitching for Billings Mustangs : LHP Alec Valencia
|
|
Pitching: RHP Finlay Clamp
|
|
|
Now at 3B: Cortez Restrepo
|
|
|
Now in RF: Alex Nagera
|
|
|
Batting: SHB Justin Jackson
|
0-0: Ball 1-0: Ball 2-0: Ball 3-0: Called Strike 3-1: Base on Balls
|
|
Batting: RHB Dan Hoffman
|
0-0: Fly out, F8 (Line Drive, 8LD, EV 88.8 MPH)
|
|
Batting: LHB Georges Lambert
|
0-0: Swinging Strike 0-1: Ball 1-1: Called Strike 1-2: Strikes out swinging
|
|
Batting: RHB Edwin Bejarano
|
0-0: SINGLE (Line Drive, 9S, EV 93.1 MPH) Justin Jackson to second Runner from 2nd tries for 3rd, SAFE, throw by RF made to third
|
|
Batting: SHB Oscar Barahona
|
0-0: Fly out, F7 (Flyball, 78S, EV 95.6 MPH)
|
| Bottom of the 8th over - 0 runs, 1 hit, 0 errors, 2 left on base; Billings 13 - Grand Junction 2 |
| TOP OF THE 9TH |
|
Billings Mustangs batting - Pitching for Grand Junction Rockies : RHP Ricardo Roman
|
|
Batting: RHB Wayne Watson
|
0-0: Called Strike 0-1: Swinging Strike 0-2: Ball 1-2: Foul Ball, location: 2F 1-2: Ball 2-2: Ground out 4-3 (Groundball, 4M, EV 104.4 MPH)
|
|
Pitching: RHP Joan Coucieiro
|
|
|
Batting: RHB Teddy Bonaddio
|
0-0: Ball 1-0: Called Strike 1-1: Ground out 5-3 (Groundball, 56S, EV 75.0 MPH)
|
|
Batting: RHB Jimmy Geddes
|
0-0: Called Strike 0-1: SINGLE (Flyball, 4MD, EV 91.2 MPH)
|
|
Batting: LHB Clint Hanninen
|
0-0: Ball 1-0: Ground out 3-1 (Groundball, 34, EV 80.6 MPH)
|
| Top of the 9th over - 0 runs, 1 hit, 0 errors, 1 left on base; Billings 13 - Grand Junction 2 |
| BOTTOM OF THE 9TH |
|
Grand Junction Rockies batting - Pitching for Billings Mustangs : RHP Finlay Clamp
|
|
Batting: RHB Wei-fang Ping
|
0-0: Called Strike 0-1: Swinging Strike 0-2: Ball 1-2: Ball 2-2: Strikes out swinging
|
|
Batting: RHB Xavier Williams
|
0-0: Foul Ball, location: 2F 0-1: Fly out, F8 (Flyball, 8RXD, EV 96.9 MPH)
|
|
Pinch Hitting: LHB Tom Bemis
|
0-0: Swinging Strike 0-1: Hit by Pitch
|
|
Batting: RHB Gashie Chimsima
|
0-0: Ball 1-0: Ball 2-0: Foul Ball, location: 2F 2-1: Ball 3-1: Base on Balls Tom Bemis to second
|
|
Pitching: RHP Jeff Buchanan
|
|
|
Batting: SHB Justin Jackson
|
0-0: Called Strike 0-1: Ball 1-1: Foul Ball, location: 2F 1-2: Strikes out swinging
|
| Bottom of the 9th over - 0 runs, 0 hits, 0 errors, 2 left on base; Billings 13 - Grand Junction 2 |
|